 Dungeon Crawl Stone Soup version 0.26-a0-597-gb535b0901c (webtiles) character file.

Game seed: 8429224883233528807

72 ANON1729 the Skirmisher (level 4, -11/35 HPs)
             Began as a Demonspawn Wanderer on Aug 25, 2020.
             Killed from afar by a white imp (13 damage)
             ... with a puff of frost
             ... on level 1 of the Dungeon.
             The game lasted 00:02:58 (2539 turns).

ANON1729 the Skirmisher (Demonspawn Wanderer)       Turns: 2539, Time: 00:02:58

Health: -11/35     AC:  2    Str: 12    XL:     4   Next: 7%
Magic:  6/6        EV: 12    Int: 16    God:
Gold:   91         SH:  0    Dex: 13    Spells: 5/5 levels left

rFire    . . .     SeeInvis .   l - +0 whip (freeze)
rCold    . . .     Faith    .   (no shield)
rNeg     . . .     Spirit   .   e - +0 robe
rPois    .         Reflect  .   (no helmet)
rElec    .         Harm     .   (no cloak)
rCorr    .                      (no gloves)
MR       .....                  (no boots)
Stlth    +.........             (no amulet)
HPRegen  0.11/turn              (no ring)
MPRegen  0.10/turn              (no ring)

@: mighty, flying
A: powered by death 2, big brain 1
a: no special abilities


You were on level 1 of the Dungeon.
You visited 1 branch of the dungeon, and saw 2 of its levels.

You collected 91 gold pieces.

Inventory:

Hand Weapons
 a - a +0 hand crossbow
 d - a +0 mace
 l - a +0 whip of freezing (weapon)
Missiles
 c - 27 bolts
Armour
 e - a +0 robe (worn)
Jewellery
 i - an uncursed ring of wizardry {unknown}
Scrolls
 g - a scroll of fog {unknown}
 h - 2 scrolls of remove curse {unknown}
 j - a scroll of identify {unknown}
Potions
 k - a potion of might
 m - a potion of flight
 n - a potion of haste {unknown}
Miscellaneous
 b - a lightning rod (4/4)


   Skills:
 + Level 3.4 Fighting
   Level 1.0(2.1) Axes
 - Level 2.9(3.0) Maces & Flails
 - Level 1.3 Armour
 + Level 1.0 Dodging
 * Level 1.4 Spellcasting
 + Level 2.6 Evocations


You had 5 spell levels left.
You didn't know any spells.
Your spell library was empty.

Dungeon Overview and Level Annotations

Branches:
Dungeon (2/15)

Altars:


Innate Abilities, Weirdness & Mutations

You regenerate health from kills.
You have an unusually large brain. (Int +2)


Message History

The white imp freezes you.
* * * LOW HITPOINT WARNING * * *
You feel better. The white imp barely misses you.
It was a potion of might.
You feel very mighty all of a sudden. The white imp barely misses you.
You are too injured to fight recklessly!
You hit the white imp.
The white imp is heavily wounded.
The white imp closely misses you.
You hit the white imp.
The white imp is almost dead.
The white imp gestures at you. The puff of frost hits you!
* * * LOW HITPOINT WARNING * * *
You closely miss the white imp.
The white imp is almost dead.
The white imp gestures at you. The puff of frost hits you!
You die...

#... #.## ########### #.#
#.........# ########### #.#
#.####....# #.........# #.#
#.#.......# #.........# #.##
#.#.#.....# #.........# #..#
#.#.#.....####.........####.#
#####.#.......#.@5w.............#
..........###.#.##.>........#####
....).......#.#.##..........# #
..........#.#.#.##..........# #
..........#.)...............#####
#####.#.#.###..................##
#.#.#...#.....############.#
#.#...........# ##....##.#
#.....#.......# ##..##.##.#


You could see a worm and a white imp.

Vanquished Creatures
  2 adders (D:2)
  A worm (D:2)
  A dart slug (D:2)
  3 leopard geckos (D:1)
  2 ball pythons (D:1)
  3 giant cockroaches (D:1)
  10 goblins
  4 hobgoblins
  4 bats
  2 frilled lizards (D:1)
  7 kobolds
  8 rats
47 creatures vanquished.

Notes
Turn   | Place    | Note
-------+----------+-------------------------------------------
     0 | D:1      | ANON1729 the Demonspawn Wanderer began the quest for the
                  | Orb.
     0 | D:1      | ANON1729 set off with the following items: a +0 hand
                  | crossbow, a lightning rod (4/4), 27 bolts, a +0 mace, a +0
                  | robe
     0 | D:1      | Reached XP level 1. HP: 18/18 MP: 1/1
   534 | D:1      | Gained mutation: You have an unusually large brain. (Int
                  | +2) [demonic ancestry]
   534 | D:1      | Reached XP level 2. HP: 24/24 MP: 2/2
  1347 | D:1      | Gained mutation: You regenerate a little health from kills.
                  | [demonic ancestry]
  1347 | D:1      | Reached XP level 3. HP: 24/29 MP: 3/3
  1630 | D:2      | Reached skill level 1 in Spellcasting
  2061 | D:2      | Reached skill level 1 in Dodging
  2095 | D:2      | Gained mutation: You regenerate health from kills. [demonic
                  | ancestry]
  2095 | D:2      | Reached XP level 4. HP: 27/35 MP: 6/6
  2532 | D:1      | HP: 1/35 [white imp/puff of frost (8)]
  2539 | D:1      | Killed from afar by a white imp

Illustrated notes

Levels and vault maps discovered:
D:1:      dpeg_chamrin_arrival_tetris, layout_basic,
          wander_ebering_terrifying_dragon_lair
D:2:      layout_loops_corners, lemuel_round_altar, minmay_mini_jars

Skill      XL: |  1  2  3 |
---------------+----------+-----
Spellcasting   | 1 |  1.4
Dodging        | 1 |  1.0
Fighting       | |  3.4
Axes           | |  1.0
Maces & Flails | |  2.9
Armour         | |  1.3
Evocations     | |  2.6

Action                   |  1- 3 |  4- 6 || total
-------------------------+-------+-------++-------
Melee: Mace              |    85 |       ||    85
       Whip              |    63 |    12 ||    75
 Fire: Hand crossbow     |     1 |       ||     1
Evoke: Lightning rod     |     1 |       ||     1
  Use: Potion            |       |     4 ||     4
 Stab: Sleeping          |     2 |     1 ||     3
Armor: Robe              |    30 |     1 ||    31
Dodge: Dodged            |    79 |    13 ||    92

Table legend: (Time is in decaauts)
 A = Elapsed time spent in this place.
 B = Non-inter-level travel time spent in this place.
 C = Inter-level travel time spent in this place.
 D = Time resting spent in this place.
 E = Time spent auto-exploring this place.
 F = Levels seen in this place.
 G = Mean time per level.
                   A        B        C        D        E       F      G
               +--------+--------+--------+--------+--------+-----+--------+
         Total |   2558 |   2539 |     19 |   1299 |    870 |   2 | 1279.0 |
       Dungeon |   2558 |   2539 |     19 |   1299 |    870 |   2 | 1279.0 |
               +--------+--------+--------+--------+--------+-----+--------+

Top non-repeatable levels by time:
     D:1: 1947 daAuts
     D:2: 610 daAuts
